 BcadrenCrawl: Boulder Brew version 0.04-3-g5ec7fb31a4 (webtiles) character file.

Game seed: 18270487622570478161, levelgen mode: deterministic

122 Chiseanne the Ducker (level 5, -1/37 HPs) Goblin Demonspawn. Began on Mar 22, 2021. Succumbed to a water moccasin's poison ... on level 2 of the Dungeon. The game lasted 00:01:56 (968 turns).

Chiseanne the Ducker (Goblin Demonspawn)             Turns: 968, Time: 00:01:57

Health: -1/37      AC: 10    Str:  8    XL:     5 ^: 94
Magic:  6/6        EV:  8    Int:  6    God:
Gold:   36         SH:  4    Dex:  6    Spells: 5/6 levels left

rFire    + . .     Vision   .   a - +0 long sword
rCold    . . .     Gourm    .   f - +0 dagger (speed)
rNeg     . . .     Faith    .   k - +0 plate armour
rPois    .         Spirit   .   (helmet restricted)
rElec    .         Reflect  .   (no cloak)
rCorr    .         Harm     .   (no gloves)
MR       .....                  (no boots)
Stlth    ..........             (no amulet)
HPRegen  0.22/turn              (no ring)
MPRegen  0.16/turn              (no ring)

@: lethally poisoned (-1 -> -42), hasted, studying Maces & Staves, very quick
A: small, stagnant stats, goblin's greed, horns 1, large bone plates 1, fire
resistance 1, low mp 1, mutation resistance 1, god's pity 2
a: no special abilities


You were on level 2 of the Dungeon.
You were hungry.

You visited 1 branch of the dungeon, and saw 2 of its levels.

You collected 30 gold pieces.

Inventory:

Weapons
 a - a +0 long sword (weapon)
 f - a +0 dagger of speed (weapon)
Armour
 k - a +0 plate armour (worn)
Jewellery
 e - an uncursed ring of strength
Wands
 l - a wand of acid (10)
Scrolls
 h - a scroll of blinking
 i - a scroll of teleportation
 j - a scroll of magic mapping
 m - a scroll of bless item
 n - a scroll of fog
Potions
 c - 2 potions of curing
Comestibles
 d - 2 rations


   Skills:
 * Level 3.7 Fighting
 - Level 2.6 Long Blades
 * Level 1.8 Armour
 * Level 5.4 Dodging
 - Level 2.6 Stealth
 - Level 1.3 Spellcasting
 - Level 2.6 Fire Magic
   Level 4.0 Invocations


You had 5 spell levels left.
You knew the following spells:

 Your Spells              Type           Power        Failure   Level  Hunger
a - Flame Tongue          Fire           3 (30)       99%         1    ##.....

Your spell library contained the following spells:

 Spells                   Type           Power        Failure   Level  Hunger
 Blink                    Tloc           N/A          100%        2    ###....
 Call Imp                 Summ           0 (100)      100%        2    ###....
 Slow                     Hex            0 (100)      100%        2    ###....
 Conjure Flame            Fire           3 (100)      100%        3    ####...
 Mephitic Cloud           Pois/Air       0 (100)      100%        3    ####...


Dungeon Overview and Level Annotations

Branches:
Dungeon (2/8)

Altars:
Hepliaklqana


Innate Abilities, Weirdness & Mutations

Your stats never grow through leveling.
Your goblin ancestry allows you to find more gold. (+20%)
You are small and have problems with some larger weapons.
You have a pair of small horns on your head.
You are partially covered in large bone plates. (SH +4)
You are heat resistant. (rF+)
Your magical capacity is low. (-10% MP)
You are somewhat resistant to further mutation.
The pity of the gods increases the power of your passive and invoked divine abilities.


Message History

You riposte.
You hit the water moccasin (2). The water moccasin bites you (2).
You are more poisoned.
The water moccasin poisons you (18)!! The jelly hits you but does no damage.
You feel sick. (1)
You miss the water moccasin. You barely miss the water moccasin.
You feel sick. (2)
The water moccasin bites you (2).
You are lethally poisoned!
The water moccasin poisons you (17)!
The water moccasin bites you but does no damage.
You barely miss the water moccasin. You closely miss the water moccasin.
* * * LOW HITPOINT WARNING * * *
You feel very sick. (4)
The water moccasin bites you (9)!
* * * LOW HITPOINT WARNING * * *
You are more poisoned.
The water moccasin poisons you (18)!!
The water moccasin bites you but does no damage.
Okay, then.
You die...

#P..## #P ..P≈PP≈#
##.≈# #### #.PPPP<#
##≈≈###≈.## #.P.P≈P#
#..###..P.# #......#
#...#.≈#P.# #.≈≈.≈.#
##≈.#†.#..## ##)..≈≈≈#
##≈.≈.#≈[≈# #.≈.≈≈≈.#
##..###≈.#####...≈≈.≈#
#### #≈≈.@##l..≈≈≈≈.#
##.≈..#†#.≈≈≈≈.#
####JS§#.≈≈≈..#
##≈##.≈≈≈≈.#
####J≈≈≈≈.# #.≈≈≈≈≈#
#...PPP# .≈..P.≈


You could see a water moccasin and a jelly.

Vanquished Creatures
  A jelly (D:2)
  4 giant cockroaches
  A cinder newt (D:1)
  An ooze (D:1)
  2 dart slugs (D:1)
  A leopard gecko (D:1)
  3 bats
  2 goblins (D:1)
  3 hobgoblins (D:1)
  A ball python (D:2)
  A ball python skeleton (D:2)
  3 kobolds (D:1)
  2 rats (D:1)
25 creatures vanquished.

Vanquished Creatures (others)
  A worm (D:2)
  2 ball pythons (D:2)
  An orc skeleton (D:2)
  66 withered plants (D:2)
70 creatures vanquished.

Grand Total: 95 creatures vanquished

Notes
Turn   | Place    | Note
-------+----------+-------------------------------------------
     0 | D:1      | Chiseanne the Goblin Demonspawn began the quest for the
                  | Orb.
     0 | D:1      | Reached XP level 1. HP: 13/13 MP: 2/2
    37 | D:1      | Gained mutation: You have a pair of small horns on your
                  | head. [demonic ancestry]
    37 | D:1      | Reached XP level 2. HP: 19/19 MP: 3/3
    91 | D:1      | Reached XP level 3. HP: 25/25 MP: 4/4
   142 | D:1      | Found a hazy altar of Hepliaklqana.
   347 | D:1      | Reached skill level 5 in Dodging
   535 | D:1      | Gained mutation: You are partially covered in large bone
                  | plates. (SH +4) [demonic ancestry]
   535 | D:1      | Reached XP level 4. HP: 31/31 MP: 5/5
   734 | D:2      | Reached skill level 1 in Armour
   828 | D:2      | Gained mutation: You are heat resistant. (rF+) [demonic
                  | ancestry]
   828 | D:2      | Reached XP level 5. HP: 18/37 MP: 6/6
   954 | D:2      | Noticed a water moccasin
   967 | D:2      | HP: 1/37 [water moccasin (9)]
   968 | D:2      | Succumbed to a water moccasin's poison

Levels and vault maps discovered:
D:1:      lemuel_arrival_river_ford, layout_loops_cross, st_stairs_9, hex_large,
          kennysheep_flooded_box
D:2:      layout_sewer, kennysheep_another_room

Skill      XL: |  1  2  3  4 |
---------------+-------------+-----
Fighting       | 2 3 |  3.7
Dodging        | 5 |  5.4
Armour         | 1 |  1.8
Long Blades    | |  2.6
Stealth        | |  2.6
Spellcasting   | |  1.3
Fire Magic     | |  2.6
Invocations    | |  4.0

Action                   |  1- 3 |  4- 6 || total
-------------------------+-------+-------++-------
Melee: Long sword        |    29 |    27 ||    56
       Unarmed           |    10 |       ||    10
       Dagger            |     7 |    21 ||    28
       Headbutt          |       |     1 ||     1
  Use: Potion            |       |     1 ||     1
Armor: Leather armour    |     6 |       ||     6
       Plate armour      |       |    29 ||    29
Dodge: Dodged            |    32 |    21 ||    53
Block: Other             |       |     9 ||     9
       Rpst.: Long sword |    14 |     7 ||    21
